Map: Crête de Lerilak

Players

Hofmann

  • Race: Zerg Zerg
  • League: Diamond

OutCast - Winner!

  • Race: Zerg Zerg
  • League: Diamond

VOD

Have the link to the VOD?

Description

Time

  • Played on: April 13, 2016, 1:50 p.m.
  • Length: 12:02
Show
View Real Time Build Order
Export as new Build Order

Hofmann Zerg 

Build Orders: Hatch First 

Get SALT Encoding   

  12  0:01  Drone  
  13  0:12  Overlord  
  13  0:17  Drone  
  14  0:30  Drone x2  
  16  0:51  Hatchery  
  16  0:52  Drone  
  16  0:56  Drone  
  17  1:06  Extractor  
  16  1:13  Spawning Pool  
  16  1:17  Drone  
  16  1:19  Drone  
  17  1:28  Drone  
  18  1:38  Drone  
  19  1:49  Overlord  
  19  2:02  Zergling x2, Queen  
  19  2:05  Zergling x2  
  23  2:15  Zergling x4  
  24  2:21  Queen  
  25  2:24  Zergling x2  
  25  2:28  Zergling x2  
  27  2:40  Zergling x2  
  28  2:45  Baneling Nest, Drone  
  28  2:50  Drone x2  
  30  3:02  Overlord  
  30  3:07  Metabolic Boost  
  30  3:11  Overlord  
  30  3:25  Zergling x8  
  34  3:31  Evolution Chamber  
  34  3:32  Zergling x2  
  34  3:36  Zergling x2  
  34  3:40  Zergling x2  
  31  3:48  Zergling x2  
  31  3:49  Zergling x4  
  28  3:55  Zergling x2  
  27  4:03  Zergling x2  
  27  4:05  Baneling  
  28  4:10  Drone  
  28  4:13  Zergling x2  
  30  4:27  Zergling x8  
  30  4:31  Baneling  
  34  4:33  Baneling  
  34  4:35  Baneling x2  
  34  4:37  Baneling  
  34  4:38  Baneling  
  34  4:43  Drone  
  32  5:11  Zergling x14  
  38  5:14  Zergling x6  
  38  5:16  Zergling x2  
  38  5:20  Drone  
  38  5:33  Drone  
  38  5:34  Zerg Ground Armor Level 1  
  38  5:44  Drone x4  
  42  5:55  Zergling x2  
  42  5:56  Overlord  
  43  6:10  Baneling x3  
  43  6:11  Baneling x2  
  41  6:12  Zergling x6  
  44  6:21  Overlord  
  44  6:26  Zergling x12  
  44  6:28  Zergling x2  
  51  6:33  Zergling x2  
  51  6:34  Overlord  
  52  6:41  Zergling x4  
  52  6:43  Zergling x2  
  55  6:52  Zergling x8  
  55  6:53  Zergling x2  
  59  6:58  Zergling x4  
  61  7:03  Zergling x2  
  61  7:04  Zergling x2  
  63  7:22  Lair  
  63  7:28  Zergling x2  
  63  7:29  Zergling x2  
  65  7:33  Hatchery  
  65  7:36  Zergling x6  
  67  7:39  Overlord  
  67  7:44  Baneling x3  
  50  8:12  Zergling x12  
  45  8:13  Zergling x8  
  42  8:21  Zergling x2  
  42  8:23  Zergling x2  
  44  8:34  Zergling x4  
  45  8:38  Zerg Melee Weapons Level 1  
  45  8:47  Zergling x6  
  35  9:00  Zergling x4  
  35  9:01  Zergling x8  
  35  9:02  Zergling x4  
  41  9:05  Queen  
  41  9:06  Zergling x4  
  41  9:07  Zergling x2  
  46  9:11  Zergling x2  
  46  9:14  Zergling x2  
  48  9:20  Zergling x2, Roach Warren  
  48  9:21  Zergling x2  
  49  9:25  Zergling x2  
  49  9:26  Zergling x2  
  49  9:29  Zergling x2  
  49  9:31  Zergling x2  
  53  9:37  Drone x2  
  55  9:39  Zergling x2  
  55  9:42  Zergling x2  
  55  9:44  Zergling x2  
  58  9:46  Zergling x2  
  59  9:57  Zergling x8  
  55  10:00  Zergling x2  
  55  10:03  Zergling x2  
  55  10:05  Zergling x2  
  43  10:07  Zergling x2  
  43  10:19  Zergling x2  
  43  10:20  Zergling x8  
  48  10:24  Zergling x4  
  50  10:32  Roach x2  
  54  10:38  Zergling x6  
  54  10:41  Roach  
  47  10:47  Zergling x2  
  47  10:48  Zergling x4  
  41  10:53  Zergling x2  
  41  10:56  Zergling x2  
  35  11:02  Zergling x2  
  36  11:09  Zergling x2  
  36  11:15  Zergling x4  
  32  11:27  Zergling x10  
  37  11:42  Roach Warren, Drone  
  37  11:43  Drone x2  
Show
View Real Time Build Order
Export as new Build Order

OutCast Zerg - Winner!

Build Orders: Pool First 

Get SALT Encoding   

  12  0:01  Drone  
  13  0:08  Drone  
  14  0:26  Spawning Pool  
  13  0:29  Drone  
  13  0:32  Extractor  
  13  0:35  Drone  
  14  0:44  Overlord  
  14  1:03  Drone x2  
  16  1:14  Zergling x2, Queen  
  16  1:15  Zergling x2  
  20  1:35  Metabolic Boost  
  20  1:48  Hatchery  
  20  1:51  Drone  
  20  2:00  Overlord  
  20  2:03  Drone  
  20  2:08  Drone  
  21  2:25  Queen  
  21  2:28  Zergling x2  
  21  2:29  Zergling x4  
  26  2:40  Baneling Nest  
  26  2:41  Zergling x2  
  26  2:42  Zergling x2  
  27  2:49  Overlord  
  27  2:53  Zergling x2  
  28  2:59  Zergling x2  
  28  3:00  Zergling x2  
  28  3:05  Zergling x2  
  30  3:06  Zergling x2  
  30  3:12  Zergling x2  
  32  3:14  Zergling x2  
  33  3:25  Drone x2  
  35  3:30  Drone  
  36  3:35  Overlord  
  36  3:36  Baneling x2  
  33  3:48  Drone x2  
  29  4:03  Drone x5  
  34  4:10  Roach Warren  
  34  4:14  Drone x3  
  36  4:20  Overlord  
  36  4:30  Spine Crawler  
  35  4:31  Baneling  
  35  4:32  Zergling x2  
  36  4:38  Zergling x2  
  36  4:39  Zergling x6  
  36  4:40  Zergling x2  
  36  4:42  Zergling x2  
  42  4:48  Evolution Chamber  
  42  4:51  Roach  
  41  5:05  Baneling  
  41  5:06  Baneling  
  40  5:12  Roach  
  40  5:13  Overlord  
  42  5:19  Overlord x2  
  42  5:20  Drone  
  42  5:21  Lair  
  43  5:25  Extractor  
  43  5:27  Extractor  
  38  5:43  Drone x3  
  38  5:44  Drone  
  38  5:48  Roach  
  38  5:49  Roach x4  
  51  6:03  Drone x4  
  51  6:04  Drone  
  54  6:11  Overlord  
  54  6:20  Roach x2  
  54  6:21  Glial Reconstitution, Roach  
  60  6:26  Overlord  
  60  6:27  Overlord  
  60  6:29  Drone  
  61  6:33  Overseer  
  61  6:38  Drone  
  61  6:39  Drone x3  
  65  6:45  Extractor  
  64  6:47  Drone x2  
  64  6:52  Zerg Missile Weapons Level 1  
  66  6:58  Overlord x2  
  66  7:19  Hatchery  
  65  7:23  Hydralisk Den  
  65  7:28  Roach x5  
  65  7:29  Roach x2  
  78  7:33  Roach  
  80  7:50  Roach x6  
  71  8:06  Roach x4  
  71  8:13  Roach  
  71  8:19  Muscular Augments  
  71  8:23  Roach x2  
  75  8:34  Queen  
  75  8:35  Drone x3  
  75  8:38  Zergling x2  
  75  8:39  Zergling x2  
  82  8:50  Roach x5  
  82  8:52  Burrow  
  80  8:57  Roach  
  80  9:01  Roach  
  80  9:02  Roach x3  
  84  9:04  Baneling x4  
  84  9:09  Roach x2  
  88  9:15  Drone x3  
  91  9:19  Overlord  
  91  9:25  Hydralisk x2  
  91  9:28  Hydralisk  
  91  9:30  Roach  
  99  9:38  Zerg Missile Weapons Level 2  
  99  9:40  Drone x3  
  99  9:42  Extractor  
  101  9:50  Roach x2  
  101  9:51  Roach  
  101  9:52  Roach x2  
  107  9:57  Roach x2  
  107  9:58  Roach  
  113  10:02  Roach x12  
  113  10:03  Roach x13  
  113  10:04  Roach  
  101  10:15  Roach x6  
  101  10:16  Roach  
  101  10:17  Drone x2  
  117  10:27  Overlord x2  
  117  10:29  Drone x3  
  117  10:33  Roach x5  
  120  10:55  Roach x4  
  120  10:56  Roach x2  
  132  11:05  Roach x3  
  138  11:21  Hydralisk x3  
  138  11:23  Overlord x3  
  138  11:26  Roach x34  
Tags
 
Add a new tag
Caveats
  • Supply blocks, unpowered buildings, or Contaminate may cause inaccurate times.
  • Supply counts are checked every 10 seconds.